Cogmind - Beta 14 @@@ ROGUE MODE // 2024.10.02 @ 18:17:01 Player: Wooliertree Result: Destroyed by Y-45 Defender with Beam Rifle Performance ------------- Evolutions (1) 500 Regions Visited (3) 600 Robots Destroyed (19) 95 Value Destroyed (571) 571 Prototype IDs (1) 20 Alien Tech Used (0) 0 Bonus (0) 0 TOTAL SCORE: 1786 Bonus ------- None Cogmind --------- Core Integrity 0/400 Matter 273/300 Energy 100/100 System Corruption 5% Temperature Hot (206) Movement Core (350) Ox6 Location -9/Storage Parts ------- > --- POWER (1) -------- (None) > --- PROPULSION (2) --- (None) > --- UTILITY (4) ------ Large Storage Unit > --- WEAPON (2) ------- (None) > --- INVENTORY (15) --- Heat Sink Improved Heat Sink Heavy EM Pulse Gun Small Laser Advanced Beam Cannon Advanced Beam Cannon Advanced Beam Cannon Advanced Beam Cannon Peak State ------------ > --- POWER ------------ Ion Engine > --- PROPULSION ------- Light Treads Light Treads > --- UTILITY ---------- Large Storage Unit Hardened Light Armor Plating Hardened Light Armor Plating Hacking Suite > --- WEAPON ----------- Small Laser Small Laser > --- INVENTORY -------- Light Ion Engine Light Treads Heat Sink Improved Heat Sink Heavy EM Pulse Gun Small Laser Advanced Beam Cannon Advanced Beam Cannon Advanced Beam Cannon Advanced Beam Cannon Assault Rifle [Rating: 15] Favorites ----------- Power Ion Engine Engine Ion Engine Propulsion Light Treads Treads Light Treads Utility Large Storage Unit Device Seismic Detector Storage Large Storage Unit Processor Targeting Computer Hackware Hacking Suite Protection Hardened Light Armor Plating Weapon Small Laser Energy Gun Small Laser Energy Cannon Advanced Beam Cannon Ballistic Gun Assault Rifle Build | -11 -10 -9 -9 ------- Run | Yrd Mat Mat Sto Slots Evolved 2 | . . 2 . Power . | . . . . Propulsion . | . . . . Utility 2 | . . 2 . Weapon . | . . . . Parts Attached 24 | 7 1 10 6 Power 3 | 1 . 1 1 Engine 3 | 1 . 1 1 Core . | . . . . Reactor . | . . . . Propulsion 6 | 2 . 2 2 Treads 6 | 2 . 2 2 Leg . | . . . . Wheel . | . . . . Hover . | . . . . Flight . | . . . . Utility 7 | 2 1 4 . Device 1 | 1 . . . Storage 2 | 1 1 . . Processor 1 | . . 1 . Hackware 1 | . . 1 . Protection 2 | . . 2 . Artifact . | . . . . Weapon 8 | 2 . 3 3 Energy Gun 5 | 2 . 3 . Energy Cannon 2 | . . . 2 Ballistic Gun 1 | . . . 1 Ballistic Cannon . | . . . . Launcher . | . . . . Special Weapon . | . . . . Impact Weapon . | . . . . Slashing Weapon . | . . . . Piercing Weapon . | . . . . Special Melee Weapon . | . . . . Unidentified Prototypes 1 | . . . 1 Parts Lost 16 | . . 5 11 Power 3 | . . 1 2 Propulsion 4 | . . 1 3 Utility 5 | . . 2 3 Weapon 4 | . . 1 3 Highest Loss Streak 10 | . . 4 10 To Critical Strikes 2 | . . 2 . Average Slot Usage (%) 96 | . 100 97 89 Engine 11 | . 14 10 10 Treads 22 | . 28 21 18 Device 5 | . 14 4 . Storage 11 | . 14 11 11 Processor 4 | . . 8 . Hackware 8 | . . 11 10 Protection 9 | . . 8 19 Energy Gun 22 | . 28 21 17 Peak Build Rating 15 | 7 8 14 15 Average Rating 10 | 5 7 12 13 On Entrance 7 | . 7 8 14 Naked Turns . | . . . . Heaviest Build 37 | 14 29 37 37 Greatest Support 40 | 40 40 40 40 Greatest Overweight (x) 1 | . . 1 1 Average Overweight (x) . | . . . . Largest Inventory Capacity 15 | 8 15 15 15 Average Capacity 14 | 7 14 15 15 Most Carried 11 | 2 6 8 11 Average Carried 5 | 1 3 6 8 Final Capacity 15 | 8 15 15 15 Final Carried 8 | 2 6 7 8 Class Distribution -------------------- 73% | Mutant 26% | Scavenger-Mutant Dominant Class ---------------- Mutant | -10/Materials Mutant | -9/Materials Scavenger-Mutant | -9/Storage Resources | -11 -10 -9 -9 ----------- Run | Yrd Mat Mat Sto Matter Collected 457 | 153 125 86 93 Remotely . | . . . . Salvage Created 857 | 115 221 437 84 Parts 50 | 8 11 26 5 Haulers Intercepted 1 | . . 1 . Recyclers Shooed 2 | . . 2 . Parts Field Recycled . | . . . . Retrieved Matter . | . . . . Parts Self-Destructed . | . . . . Prevented . | . . . . Kills | -11 -10 -9 -9 ------- Run | Yrd Mat Mat Sto Combat Hostiles Destroyed 14 | . 4 8 2 Guns 12 | . 3 7 2 AOE 2 | . 1 1 . Classes Destroyed 7 | 2 2 3 . Tunneler 2 | 2 . . . Hauler 1 | . . 1 . Recycler 1 | 1 . . . Operator 1 | . 1 . . Grunt 11 | . 4 6 1 Brawler 1 | . . 1 . Sentry 2 | . . 1 1 Best Kill Streak 3 | 3 2 3 1 Combat Bots Only 3 | . 2 3 1 Max Kills in Single Turn 1 | 1 1 1 1 Gunslinging . | . . . . Exploded 1 | . 1 1 . Melee . | . . . . Uniques/NPCs Destroyed . | . . . . Combat | -11 -10 -9 -9 -------- Run | Yrd Mat Mat Sto Hostile Shots Fired 173 | . 19 33 121 Missed 37 | . 4 11 22 Damage Taken 1963 | . 293 377 1293 Core 447 | . 41 41 365 Absorbed by Shields . | . . . . Core Remaining (%) 91 | 100 83 . . Volleys Fired 80 | 7 15 33 25 Largest 2 | 2 2 2 2 Hottest 136 | 80 80 80 136 Shots Fired 144 | 14 29 66 35 Gun 141 | 14 29 66 32 Cannon 3 | . . . 3 Launcher . | . . . . Special . | . . . . Kinetic 6 | . . . 6 Thermal 90 | 7 14 40 29 Explosive . | . . . . Electromagnetic 48 | 7 15 26 . Robot Hit Streak 16 | 7 12 16 7 Robot Miss Streak 3 | 1 1 2 3 Penetration Max . | . . . . Secondary Targets 3 | . . 3 . Max Gunslinging Chain 1 | . . 1 . Shots Hit Robots 107 | 10 24 48 25 Core Hits 39 | 4 11 19 5 Critical Kills . | . . . . Critical Parts Destroyed . | . . . . Critical Strikes 1 | . . 1 . Corrupt 1 | . . 1 . Melee Attacks . | . . . . Impact . | . . . . Slashing . | . . . . Piercing . | . . . . Sneak Attacks . | . . . . Combat Hostiles . | . . . . Follow-up Attacks . | . . . . Damage Inflicted 1429 | 120 348 637 324 Guns 1227 | 120 279 566 262 Cannons 62 | . . . 62 Explosions 124 | . 69 55 . Melee . | . . . . Ramming 16 | . . 16 . Kinetic 64 | . . . 64 Thermal 874 | 53 186 375 260 Explosive . | . . . . Electromagnetic 475 | 67 162 246 . Impact . | . . . . Slashing . | . . . . Piercing . | . . . . Highest Corruption 5 | . . 5 5 Average Corruption 4 | . . 4 5 Corruption Purged . | . . . . Corruption Blocked . | . . . . Effects 10 | . . 4 6 Message Errors 3 | . . 2 1 Matter Fused 2 | . . . 2 Heat Flow Errors 1 | . . . 1 Energy Discharges 2 | . . 2 . Parts Rejected 1 | . . . 1 Data Loss (minor) 1 | . . . 1 Overload Shots . | . . . . Overflow Damage . | . . . . Projectiles . | . . . . Explosions . | . . . . Melee . | . . . . Knockbacks 1 | . . 1 . Impact 1 | . . 1 . Kinetic . | . . . . Secondary . | . . . . Self-Inflicted Damage 133 | . 92 41 . Shots 3 | . 2 1 . Rammed 7 | 1 . 6 . Targets Rammed 7 | 1 . 6 . Kicked . | . . . . Crushed . | . . . . Highest Temperature 486 | 72 243 117 486 Average Temperature 106 | 34 87 45 207 Received Heat Transfer 813 | . 132 96 585 Effects 5 | . . . 5 Energy Bleed 1 | . . . 1 Interference 2 | . . . 2 Matter Decay 1 | . . . 1 Damage (minor) 1 | . . . 1 Siege Activations . | . . . . Robots Corrupted . | . . . . Combat Hostiles . | . . . . Parts Fried . | . . . . Impact Corruptions . | . . . . Robots Melted . | . . . . Combat Hostiles . | . . . . Parts Melted 1 | . . . 1 Heat Transferred 1736 | 125 325 725 561 Parts Sabotaged . | . . . . Parts Stolen . | . . . . Parts Stripped . | . . . . Power Chain Reactions 3 | . 2 1 . Alert | -11 -10 -9 -9 ------- Run | Yrd Mat Mat Sto Peak Influence 165 | 15 153 165 71 Initial 64 | . 9 64 11 Average 52 | 6 80 65 20 Maximum Alert Level . | . . . . Low Security (%) 100 | 100 100 100 100 Level 1 . | . . . . Level 2 . | . . . . Level 3 . | . . . . Level 4 . | . . . . Level 5 . | . . . . High Security . | . . . . Max Security . | . . . . Squads Dispatched 2 | . 1 1 . Investigation . | . . . . Extermination . | . . . . Reinforcement 2 | . 1 1 . Assault . | . . . . Garrison . | . . . . Intercept . | . . . . Searches Triggered . | . . . . Construction Impeded 1 | . . 1 . Haulers Reinforced . | . . . . Active Scanning Responses . | . . . . Cargo Convoy Interrupts . | . . . . Stealth | -11 -10 -9 -9 --------- Run | Yrd Mat Mat Sto Distress Signals 2 | . . 2 . Communications Jammed . | . . . . Distress Signals . | . . . . Times Spotted 30 | . 7 14 9 Peak Tracking Total 6 | . 4 5 6 Tactical Retreats 1 | . . . 1 Traps | -11 -10 -9 -9 ------- Run | Yrd Mat Mat Sto Traps Triggered 2 | . . 1 1 Indirectly . | . . . . Trap Hack Attempts . | . . . . Triggered . | . . . . Disarmed . | . . . . Reprogrammed . | . . . . Reused . | . . . . Traps Extracted . | . . . . Installed . | . . . . Triggered . | . . . . Machines | -11 -10 -9 -9 ---------- Run | Yrd Mat Mat Sto Machines Disabled 2 | . 1 1 . Max in Single Turn 1 | . 1 1 . Machines Repaired . | . . . . Machines Dismantled . | . . . . Machines Sabotaged . | . . . . Overloaded Fab Kills . | . . . . Hacking | -11 -10 -9 -9 --------- Run | Yrd Mat Mat Sto Machines Accessed 3 | . . 1 2 Terminals 3 | . . 1 2 Fabricators . | . . . . Repair Stations . | . . . . Recycling Units . | . . . . Scanalyzers . | . . . . Garrison Access . | . . . . Total Hacks 7 | . . 2 5 Successful 4 | . . 1 3 Failed 3 | . . 1 2 Catastrophic . | . . . . Database Lockouts . | . . . . Manual 6 | . . 2 4 Terminals 7 | . . 2 5 Fabricators . | . . . . Repair Stations . | . . . . Recycling Units . | . . . . Scanalyzers . | . . . . Garrison Access . | . . . . Terminal Hacks 4 | . . 1 3 Open Door 1 | . . . 1 Unreport Threat 3 | . . 1 2 Fabricator Hacks . | . . . . Repair Station Hacks . | . . . . Recycling Unit Hacks . | . . . . Scanalyzer . | . . . . Garrison Access Hacks . | . . . . Unauthorized Hacks . | . . . . Terminals . | . . . . Fabricators . | . . . . Repair Stations . | . . . . Recycling Units . | . . . . Scanalyzers . | . . . . Garrison Access . | . . . . Data Cores Recovered . | . . . . Used . | . . . . Hacking Detections 2 | . . 1 1 Full Trace Events . | . . . . Feedback Events . | . . . . Feedback Blocked . | . . . . Robot Schematics Acquired . | . . . . Robots Built . | . . . . Authchips . | . . . . Time . | . . . . Total Robot Build Rating . | . . . . Part Schematics Acquired . | . . . . Parts Built . | . . . . Authchips . | . . . . Time . | . . . . Total Part Build Rating . | . . . . Parts Repaired . | . . . . Time . | . . . . Parts Recycled . | . . . . Recycled Matter . | . . . . Retrieved Matter . | . . . . Retrieved Components . | . . . . Parts Scanalyzed . | . . . . Part Schematics Acquired . | . . . . Parts Damaged . | . . . . Bothacking | -11 -10 -9 -9 ------------ Run | Yrd Mat Mat Sto Used RIF Installer . | . . . . Robots Hacked . | . . . . Non-combat . | . . . . Combat . | . . . . Robot Hacks Applied . | . . . . Relay Couplers Released . | . . . . Fabnet Peak Effective % . | . . . . Robots Rewired . | . . . . Allies Hacked . | . . . . Hacks Repelled . | . . . . Allies | -11 -10 -9 -9 -------- Run | Yrd Mat Mat Sto Total Allies . | . . . . Largest Group . | . . . . Highest-Rated Group . | . . . . Highest-Rated Ally . | . . . . Total Orders . | . . . . Ally Attacks . | . . . . Total Damage . | . . . . Kills . | . . . . Allies Corrupted . | . . . . Allies Melted . | . . . . Intel | -11 -10 -9 -9 ------- Run | Yrd Mat Mat Sto Robot Analysis Total . | . . . . Derelict Logs Recovered . | . . . . Drone Launches . | . . . . Drone Recoveries . | . . . . Exploration | -11 -10 -9 -9 ------------- Run | Yrd Mat Mat Sto Turns Passed 1074 | 107 237 480 250 Spaces Moved 430 | 48 102 186 94 Core 3 | 3 . . . Treads 427 | 45 102 186 94 Legs . | . . . . Wheels . | . . . . Hover . | . . . . Flight . | . . . . Fastest Speed 50 | 50 160 160 160 Average Speed 160 | 153 160 161 164 Slowest Speed 240 | 160 160 240 240 Overloaded Moves . | . . . . Propulsion Burnouts . | . . . . Robots Hopped . | . . . . Cave-ins Triggered . | . . . . Exploration Rate (%) 13 | 4 22 13 13 Regions Visited 3 Branch Regions 1 Pre-discovered Areas . | . . . . Known Exits Taken . | . . . . Unknown Exits Taken 3 | 1 1 1 . Scrap Searched . | . . . . Spaces Dug . | . . . . Terrain Destroyed 11 | . 7 4 . Melee . | . . . . Projectile . | . . . . AOE 11 | . 7 4 . Terrain Rammed . | . . . . Walls Destroyed . | . . . . Machines Disabled . | . . . . Actions | -11 -10 -9 -9 --------- Run | Yrd Mat Mat Sto Total 662 | 64 147 296 155 Wait 98 | . 25 49 24 Move 428 | 48 101 185 94 Hop . | . . . . Pick Up 18 | 2 4 8 4 Fast Attach 12 | 7 . 4 1 Attach 9 | . . 4 5 Detach 2 | . . . 2 Swap 3 | . 1 2 . Drop 6 | . 1 5 . Fire 80 | 7 15 33 25 Melee . | . . . . Ram . | . . . . Kick . | . . . . Crush 6 | . . 6 . Escape Stasis . | . . . . Rewire . | . . . . Trap . | . . . . Miscellaneous . | . . . . Route ------- -11/Scrapyard -10/Materials -9/Materials -9/Storage History --------- Turn | Location | Event 9 | -11/Scrapyard | Discovered new exit (range 16) 108 | -11/Scrapyard | Entered Materials 310 | -10/Materials | Discovered new exit (range 14) 313 | -10/Materials | Build established: Mutant 345 | -10/Materials | Entered another Materials area 345 | -9/Materials | Evolved 2 slots: Utility x2 594 | -9/Materials | Discovered new exit (range 5) 769 | -9/Materials | Lost 4 parts (1p1n1u1w) 825 | -9/Materials | Entered Storage 1047 | -9/Storage | Core integrity fell below 50% 1070 | -9/Storage | Core integrity fell below 20% 1075 | -9/Storage | Destroyed by Y-45 Defender with Beam Rifle Last Messages --------------- Destroyed Ion Engine. G-34 Mercenary heat damages core (-4). G-34 Mercenary overheating. Aluminum Leg melted. G-34 Mercenary destroyed. K-01 Serf collects debris. Hrd. Light Armor Plating destroyed. Lgt. Ion Engine destroyed. Acquired 30 matter. K-01 Serf collects debris. Acquired 46 matter. Lgt. Treads destroyed. Assault Rifle destroyed. K-01 Serf collects debris. Hacking Suite destroyed. K-01 Serf collects debris. Critical hit (Burn: +37). G-34 Mercenary destroyed. Critical hit (Burn: +37). K-01 Serf collects debris. Map ----- +----------------------------------------------------+ | | | | | | | | | | | | | | | | | | | | | | | | | | | ??????????????????????????????????????##?????????? | | ?????????????????????????????????????? ???????? | | ?????????????????????????????######???"" "???????? | | ?????????????????????????????# #???"" ""??????? | | ????????????????????????###### #????" ""??????? | | ?????????????????######## ## + ]]#????? ??????? | | ?????????????????# # #T####?????? ??????? | | ?????????????????# # #############+####### | | ?????????????????# [# | | ?????????????????? """" %+! | | ?????????????????# """"Y !#! | | ????????????# ### """"k= ###############+# ##### | | ????????????# + """"[@g#????????### #??? | | ?????????????????# Y ==%#????????#"" ###? | | ?????????????????###"Y"###+#????????#"Y " " ""#? | | ???????????????????#"""??# #????????#"" """ T"#? | | ???????????????????###???# #????????### ""#? | | ?????????????????????????# #??????????# """ ###? | | ?????????????????????????? #?????????#" """ #??? | | ?????????????????????????? ??????????#T """ #??? | | ?????????????????????????? ??????????#" #??? | | ?????????????????????????? ??????????## #??? | | ?????????????????????????? ???????????# #??? | | ?????????????????????????? ???????????#########??? | | ?????????????????????????? ??????????????????????? | | ?????????????????????????????????????????????????? | | ?????????????????????????????????????????????????? | | ?????????????????????????????????????????????????? | | ?????????????????????????????????????????????????? | | ?????????????????????????????????????????????????? | | ?????????????????????????????????????????????????? | | ?????????????????????????????????????????????????? | | ?????????????????????????????????????????????????? | | ?????????????????????????????????????????????????? | | ?????????????????????????????????????????????????? | | ?????????????????????????????????????????????????? | | ?????????????????????????????????????????????????? | +----------------------------------------------------+ Best States ------------- Heat Dissipation 28 Energy Generation 10 Energy Capacity 250 Matter Stores 300 Matter Capacity 300 Sight Range 16 Terrain Scan Density 10 Armor Coverage 300 Evasion (%) 40 Targeting Accuracy 5 Recoil Reduction 2 Offensive Hacking 10 Item Schematics ----------------- None Robot Schematics ------------------ None Fabricated ------------ Nothing Alien Tech Used ----------------- None Achievements -------------- None Challenges ------------ None Game ------ Seed UltimatePlatingMultirail Manual? 0 Play Time 00:15:56 Cumulative 11.5 hours Start 2024.10.02 @ 18:02:01 End 2024.10.02 @ 18:17:01 Sessions 1 Manual Loads 0 Difficulty Rogue Special Mode None Game No. 20 Rogue 20 Adventurer 0 Explorer 0 Win Type - Total 0 Types 0/0/0/0/0/0/0/0/0 Lore% 3 Gallery% 14 Achievement% 15 Wizard Run 0 Options --------- Layout 1 ASCII 0 Keyboard 1 Movement Vi Keybinds 0 Fullscreen 1 Font 32/SmallcapsGlow Map View 50x35 Zoom Use 0% Tactical HUD 0 Map Filters NONE Filters NONE Steam 1 RUN: 42138b0a-2d94-4c4e-908e-2a3111f0cb56